 Dungeon Crawl Stone Soup version 0.21.1-1-g345015f (webtiles) character file.

326 Monsterracer the Conjurer (level 6, -3/36 HPs)
             Began as a Human Wizard on Feb 7, 2018.
             Was an Initiate of Hepliaklqana.
             Slain by Duvessa
             ... wielding a +3 rapier
              (9 damage)
             ... on level 4 of the Dungeon.
             The game lasted 00:07:18 (4023 turns).

Monsterracer the Conjurer (Human Wizard)            Turns: 4023, Time: 00:07:19

Health: -3/36      AC:  7    Str: 10    XL:     6   Next: 79%
Magic:  11/11      EV: 12    Int: 18    God:    Hepliaklqana [......]
Gold:   248        SH:  3    Dex: 15    Spells: 3/12 levels left

rFire    . . .     SeeInvis +   a - +2 spear (vamp)
rCold    + . .     Gourm    .   (no shield)
rNeg     . . .     Faith    .   o - +0 robe
rPois    .         Spirit   .   y - +2 helmet {SInv}
rElec    .         Reflect  +   t - +1 cloak
rCorr    .         Harm     .   (no gloves)
MR       .....                  (no boots)
Stlth    ++........             d - +3 amulet of reflection
HPRegen  0.12/turn              p - +4 ring of dexterity
MPRegen  0.12/turn              h - ring of protection from cold {!d}

@: no status effects
A: reduced essence
a: Recall Ancestor, Ancestor Identity, Renounce Religion


You were on level 4 of the Dungeon.
You worshipped Hepliaklqana.
Hepliaklqana was noncommittal.
You were not hungry.

You visited 1 branch of the dungeon, and saw 4 of its levels.

You collected 248 gold pieces.

Inventory:

Hand Weapons
 a - a +2 vampiric spear (weapon)
 x - a +0 trident
Missiles
 b - a throwing net (quivered)
Armour
 o - a +0 robe (worn)
 q - a +0 buckler
 t - a +1 cloak (worn)
 y - a +2 helmet of see invisible (worn)
Jewellery
 d - a +3 amulet of reflection (around neck)
 h - a ring of protection from cold (right hand) {!d}
 p - a +4 ring of dexterity (left hand)
Scrolls
 g - 3 scrolls of teleportation
 n - a scroll of amnesia
Potions
 e - a potion of berserk rage {unknown}
 f - 2 potions of heal wounds
 j - 3 potions of might
 k - 2 potions of brilliance
 l - 2 potions of curing
 m - 2 potions of cancellation
 r - a potion of mutation {unknown}
 s - a potion of flight {unknown}
Comestibles
 c - 3 rations


   Skills:
 - Level 2.0 Dodging
 - Level 2.0 Stealth
 + Level 3.9 Spellcasting
 * Level 5.8 Conjurations
   Level 1.0 Summonings
 - Level 1.0 Translocations


You had 3 spell levels left.
You knew the following spells:

 Your Spells              Type           Power        Failure   Level  Hunger
a - Magic Dart            Conj           ###.         1%          1    None
b - Conjure Flame         Conj/Fire      ##......     14%         3    ###....
c - Mephitic Cloud        Conj/Pois/Air  ##......     21%         3    ###....
e - Blink                 Tloc           N/A          16%         2    ##.....


Dungeon Overview and Level Annotations

Branches:
Dungeon (4/15)
 Temple: D:4-7

Altars:
Dithmenos
Fedhas
Hepliaklqana
Zin

Annotations:
D:4 Dowan, Duvessa, Natasha


Message History

Things that are here:
a dagger; a robe; an orc corpse; Health restored: 36; MP restored: 11
Things that are here:
a dagger; a scale mail; an orc corpse You swap places.
You now have 225 gold pieces (gained 8).
Things that are here:
a spear; a gnoll corpse
Found an escape hatch in the ceiling.
Found 15 stones and 16 arrows.
You now have 240 gold pieces (gained 15).
You now have 248 gold pieces (gained 8).
As you open the door, it creaks loudly!
There is an open door here.
Found 14 poisoned needles.
e - a scroll labeled VYAREFANK JIWI
As you read the scroll labeled VYAREFANK JIWI, it crumbles to dust.
The creatures around you are filled with an inner flame!
It was a scroll of immolation.
You swap places.
Found a stone staircase leading down.
e - a fuming golden potion Dowan, Brother of Duvessa comes into view.
He is wielding a dagger of venom.
You see here a scratched bone ring.
Dowan is nearby!
h - a scratched bone ring Put on which piece of jewellery? (? for menu, Esc to quit)
h - a ring of protection from cold (right hand) Duvessa, Sister of Dowan comes into view.
She is wielding an enchanted rapier.
Dowan shouts!
Found 36 stones.
What are your orders? t - Shout!
Orders for allies: a - Attack new target. r - Retreat! s - Stop attacking. g - Guard the area. f - Follow me.
Anything else - Cancel.
Gang up on whom?
Press: ? - help, Dir - move target cursor, f - Dowan
Aim: Dowan, wielding a dagger of venom and wearing an embroidered robe Attack!
Dowan hits Zada with a dagger of venom.
Zada misses Dowan.
Dowan points at you and mumbles some strange words.
The puff of frost hits Zada.
Zada resists.
Zada closely misses Dowan.
Dowan points at you and mumbles some strange words.
Zada is outlined in light.
What are your orders? t - Shout!
Orders for allies: a - Attack new target. p - Attack previous target. r - Retreat! s - Stop attacking. g - Guard the area. f - Follow me.
Anything else - Cancel.
Gang up on whom?
Press: ? - help, Dir - move target cursor, f - Duvessa, p - Dowan
Aim: Duvessa, wielding an enchanted rapier and wearing a leather armour Attack!
Zada's inner flame fades away.
Dowan points at Duvessa and mumbles some strange words.
Duvessa seems to speed up.
Duvessa completely misses you. You block Duvessa's attack.
Dowan says, "Magic and the sword, together, will defeat you."
Duvessa hits you with an enchanted rapier.
You take 2 damage, and have 34/36 hp.
You see here 14 poisoned needles.
Zada stops glowing.
Dowan opens the door.
Duvessa hits you with an enchanted rapier!
You take 7 damage, and have 27/36 hp.
Dowan casts a spell.
Dowan blinks!
Duvessa hits you with an enchanted rapier!
* * * LOW HITPOINT WARNING * * *
You take 11 damage, and have 16/36 hp.
MASSIVE DAMAGE!!
A centaur skeleton comes into view.
Dowan gestures wildly while chanting.
Dowan blinks!
Duvessa misses you. Duvessa barely misses you.
You block the centaur skeleton's attack.
The centaur skeleton hits you but does no damage.
Found 14 gold pieces.
Found a stone staircase leading up.
Duvessa hits you with an enchanted rapier.
* * * LOW HITPOINT WARNING * * *
You take 5 damage, and have 12/36 hp.
Found a scroll labeled FAXIVV EDWULEKA.
Natasha, Servant of Life and Death comes into view.
Duvessa hits you with an enchanted rapier.
* * * LOW HITPOINT WARNING * * *
You take 1 damage, and have 11/36 hp.
Natasha hisses angrily.
Duvessa hits you with an enchanted rapier.
* * * LOW HITPOINT WARNING * * *
You take 6 damage, and have 5/36 hp.
Natasha casts a spell.
There is a stone staircase leading up here.
Duvessa hits you with an enchanted rapier!
You die...

#######..##.##R....##*,,,*,,,,,,,
#####...(......##...#*,,,*,,,,,,,
......##..#.#####.#.#*,,,*,,,,,,,
......'.....#..e$.#.#*****,,,,,,,
......###...#.##R...# ********
........ยง#....*#5#######
(.)..e...#..####.?.....#
.........#.># #eZ.....#
.........##.# #@h.....#
.........#*,* #.......#
.........#*,* #.......#
######......# #.......#
*.....#### #.......# #.....#*
######### #......* #......#**
#....((.,**


You could see the friendly Zada the ancestor, Duvessa, Dowan, Natasha, a white
imp and a centaur skeleton.

Vanquished Creatures
  An orc priest (D:3)
  An iguana (D:3)
  2 orc wizards
  7 adders
  3 gnolls (D:4)
  A worm (D:2)
  A dart slug (D:3)
  6 orcs
  7 bats
  3 giant cockroaches
  13 goblins
  9 hobgoblins
  3 jackals
  A ball python (D:2)
  8 frilled lizards
  14 kobolds
  9 rats
89 creatures vanquished.

Vanquished Creatures (collateral kills)
  Robin (D:4)
  A gnoll (D:4)
  An adder (D:4)
  An orc (D:4)
  2 goblins (D:4)
6 creatures vanquished.

Grand Total: 95 creatures vanquished

Notes
Turn   | Place    | Note
-------+----------+-------------------------------------------
     0 | D:1      | Monsterracer the Human Wizard began the quest for the Orb.
     0 | D:1      | Reached XP level 1. HP: 13/13 MP: 4/4
   242 | D:1      | Reached skill level 2 in Conjurations
   242 | D:1      | Reached XP level 2. HP: 19/19 MP: 1/6
   916 | D:2      | Learned a level 2 spell: Blink
   925 | D:2      | Reached skill level 3 in Conjurations
   925 | D:2      | Reached XP level 3. HP: 24/24 MP: 0/7
   934 | D:2      | Learned a level 3 spell: Conjure Flame
  1002 | D:2      | HP: 11/24 [jackal (2)]
  1339 | D:2      | Reached XP level 4. HP: 30/30 MP: 8/8
  1437 | D:2      | Learned a level 3 spell: Mephitic Cloud
  1598 | D:2      | Reached skill level 4 in Conjurations
  2319 | D:3      | Reached XP level 5. HP: 35/35 MP: 3/9
  2858 | D:3      | Found a shadowy altar of Dithmenos.
  2920 | D:3      | Reached skill level 5 in Conjurations
  2989 | D:3      | Reached XP level 6. HP: 41/41 MP: 6/11
  3027 | D:3      | Found a blossoming altar of Fedhas.
  3306 | D:3      | Found a hazy altar of Hepliaklqana.
  3306 | D:3      | Found a glowing silver altar of Zin.
  3312 | D:3      | Became a worshipper of Hepliaklqana the Forgotten
  3499 | D:4      | Noticed Robin
  3676 | D:4      | Killed Robin
  3987 | D:4      | Noticed Dowan
  3990 | D:4      | Noticed Duvessa
  4009 | D:4      | HP: 16/36 [Duvessa/enchanted rapier (11)]
  4017 | D:4      | HP: 12/36 [Duvessa/enchanted rapier (5)]
  4019 | D:4      | Noticed Natasha
  4021 | D:4      | HP: 5/36 [Duvessa/enchanted rapier (6)]
  4023 | D:4      | Slain by Duvessa

Skill      XL: |  1  2  3  4  5 |
---------------+----------------+-----
Conjurations   | 2 3 4 5 |  5.8
Dodging        | |  2.0
Stealth        | |  2.0
Spellcasting   | |  3.9
Summonings     | |  1.0
Translocations | |  1.0

Action                   |  1- 3 |  4- 6 || total
-------------------------+-------+-------++-------
Melee: Dagger            |    11 |    18 ||    29
       Spear             |    16 |    32 ||    48
 Cast: Magic Dart        |    57 |   122 ||   179
       Mephitic Cloud    |       |     3 ||     3
       Blink             |       |     1 ||     1
Invok: Recall Ancestor   |       |     2 ||     2
  Use: Scroll            |       |    10 ||    10
 Stab: Sleeping          |     1 |     1 ||     2
       Confused          |       |     2 ||     2
  Eat: Chunk             |     1 |     6 ||     7
       Ration            |       |     2 ||     2
Armor: Robe              |    12 |    11 ||    23
Dodge: Dodged            |    39 |    34 ||    73
Block: Other             |       |     9 ||     9

Vault maps used:
D:1:      nicolae_arrival_washed_ashore, minmay_quantized
D:2:      first_ration
D:3:      gammafunk_temple_overflow_statue, fedhas_altar_fruit_tree,
          nicolae_dithmenos_shadow_blocks
D:4:      led_sif_book, uniq_robin, uniq_duvessa, uniq_natasha
